 Dungeon Crawl Stone Soup version 0.26-a0-667-g92642533e4 (webtiles) character file.

Game seed: 5901372365533447667

9558 CheiIsBae the Severer (level 11, -2/99 HPs)
             Began as a Hill Orc Fighter on Oct 18, 2020.
             Was a Priest of Cheibriados.
             Slain by a death yak (12 damage)
             ... on level 8 of the Dungeon.
             The game lasted 00:11:24 (10042 turns).

CheiIsBae the Severer (Hill Orc Fighter)           Turns: 10042, Time: 00:11:25

Health: -2/99      AC: 16    Str: 28    XL:     11   Next: 48%
Magic:  0/19       EV:  9    Int: 19    God:    Cheibriados [***...]
Gold:   563        SH: 10    Dex: 18    Spells: 10/10 levels left

rFire    . . .     SeeInvis .   D - +3 hand axe (venom)
rCold    . . .     Faith    .   c - +0 kite shield
rNeg     . . .     Spirit   +   E - +1 plate armour
rPois    .         Reflect  .   o - +0 hat {MR+}
rElec    .         Harm     .   A - +0 cloak
rCorr    .         Rampage  .   (no gloves)
MR       ++...                  (no boots)
Stlth    ..........             y - amulet of guardian spirit
HPRegen  0.26/turn              s - ring of protection from magic
MPRegen  0.16/turn              x - +4 ring of evasion

@: very slow
A: no striking features
a: Bend Time, Temporal Distortion, Renounce Religion


You were on level 8 of the Dungeon.
You worshipped Cheibriados.
Cheibriados was most pleased with you.
You visited 1 branch of the dungeon, and saw 9 of its levels.
You also visited: Ossuary.

You collected 563 gold pieces.

Inventory:

Hand Weapons
 a - a +0 war axe
 D - a +3 hand axe of venom (weapon)
Armour
 c - a +0 kite shield (worn)
 o - a +0 hat of magic resistance (worn)
 A - a +0 cloak (worn)
 E - a +1 plate armour (worn)
Jewellery
 s - a ring of protection from magic (left hand)
 x - a +4 ring of evasion (right hand)
 y - an amulet of guardian spirit (around neck)
 C - a cursed ring of positive energy {unknown}
Wands
 d - a wand of flame (77)
 k - a wand of iceblast (8)
 q - a wand of enslavement (20)
 z - a wand of polymorph (12)
 G - a wand of digging (5)
Scrolls
 b - 2 scrolls of identify
 f - a scroll of enchant armour
 i - 2 scrolls of teleportation
 j - 3 scrolls of amnesia
 l - 2 scrolls of enchant weapon
 n - 4 scrolls of magic mapping
 t - 4 scrolls of remove curse
 F - 2 scrolls of acquirement {unknown}
Potions
 e - a potion of ambrosia
 g - 4 potions of stabbing
 h - 3 potions of brilliance
 m - a potion of haste {unknown}
 p - a potion of magic
 r - 3 potions of curing
 u - a potion of cancellation {unknown}
 v - 2 potions of lignification {unknown}
 w - a potion of flight {unknown}
 B - 3 potions of invisibility {unknown}


   Skills:
 - Level 10.1 Fighting
 * Level 15.5 Axes
 - Level 8.5 Armour
 - Level 3.2 Shields
 + Level 11.8 Invocations


You had 10 spell levels left.
You didn't know any spells.
Your spell library was empty.

Dungeon Overview and Level Annotations

Branches:
Dungeon (9/15)             Temple (0/1) D:5            Lair (0/6) D:9
Ossuary (visited)
    Orc: D:9-12

Altars:
Cheibriados
Fedhas
Gozag
Kikubaaqudgha
Okawaru
Sif Muna
Trog
Vehumet
Yredelemnul
Zin

Shops:
D:4 =   D:7 }


Message History

Unknown command.
Your shield and plate armour prevent you from hitting the death yak.
The death yak is severely wounded.
Your shield and plate armour prevent you from hitting the death yak.
The death yak completely misses you.
Unknown command.
Okay, then.
You hit the death yak but do no damage.
The death yak is severely wounded.
You hit the death yak.
The death yak looks as sick as possible!
The death yak closely misses you. You block the death yak's attack.
Unknown command.
You feel better. The death yak completely misses you. The death yak gores you!!
* * * LOW HITPOINT WARNING * * *
The death yak gores you but does no damage.
You see here a +0 mace.
The death yak gores you but does no damage.
The death yak gores you!
You die...

........+..........# #..........
.......<#.......[..# #..........
###.###.######..#### ##..###...#
###.######.###..########..###...#
............#...'.....#.........'
............'(..#.....'......[..#
.##..##....##..[##...###.###.##.#
.##..##....##...##...#######.####
.....##....##..Y@.........#...#..
.....##....##...Y(........#.#'#..
.....#.....#..)...<.......'.+_'..
.....#.....#†>............#.#+#..
.##..##.##.##..########..####...#
.######.##[#######..#############
.#.............#......<..........
.#......(......'..............)..
###..##.##.##..##.####...########


You could see 2 death yaks.

Vanquished Creatures
  Gastronok (D:8)
  3 death yaks
  2 skeletal warriors (D:8)
  Pikel (D:8)
  Joseph (D:8)
  Sigmund (D:4)
  Edmund (D:6)
  A water moccasin (D:6)
  An orc warrior (D:6)
  A sky beast (D:8)
  A black bear (D:7)
  A phantom (D:4)
  2 ogres
  2 lemures (D:8)
  3 centaurs
  An elf zombie (Ossuary)
  Blork the orc (D:6)
  A scorpion (D:8)
  A howler monkey (D:7)
  A human zombie (Ossuary)
  3 centaur zombies (Ossuary)
  3 hounds
  An orc wizard (D:9)
  7 orc priests
  Crazy Yiuf (D:5)
  3 bullfrog skeletons (D:4)
  2 centaur skeletons
  Jessica (D:3)
  3 iguanas
  9 worker ants
  A hound skeleton (D:9)
  2 mummies (Ossuary)
  4 gnolls (D:9)
  10 adders
  2 shadow imps
  A white imp (D:6)
  An ufetubus (D:6)
  2 adder zombies (Ossuary)
  3 worms
  5 leopard geckos
  21 orcs
  4 giant cockroaches
  5 goblins
  6 hobgoblins
  19 jackals
  6 kobolds
  12 quokkas
  3 ball pythons
  9 bats
  6 frilled lizards
  2 goblin zombies (Ossuary)
  8 hobgoblin zombies (Ossuary)
  6 kobold zombies (Ossuary)
  A leopard gecko zombie (D:8)
  13 orc zombies (Ossuary)
  6 rats
  A rat zombie (Ossuary)
219 creatures vanquished.

Vanquished Creatures (others)
  9 fungi (D:9)
  2 toadstools (D:9)
11 creatures vanquished.

Grand Total: 230 creatures vanquished

Notes
Turn   | Place    | Note
-------+----------+-------------------------------------------
     0 | D:1      | CheiIsBae the Hill Orc Fighter began the quest for the Orb.
     0 | D:1      | Reached XP level 1. HP: 19/19 MP: 1/1
    51 | D:1      | Reached skill level 3 in Axes
    90 | D:1      | Reached XP level 2. HP: 27/27 MP: 2/2
   490 | D:1      | Reached skill level 4 in Axes
   531 | D:1      | Reached XP level 3. HP: 32/33 MP: 3/3
   730 | D:2      | Found a blossoming altar of Fedhas.
   820 | D:2      | Found an iron altar of Okawaru.
   831 | D:2      | Found a shimmering blue altar of Sif Muna.
   832 | D:2      | Found a basalt altar of Yredelemnul.
   834 | D:2      | Found a bloodstained altar of Trog.
   835 | D:2      | Found a snail-covered altar of Cheibriados.
   873 | D:2      | Became a worshipper of Cheibriados the Contemplative
  1100 | D:2      | Reached XP level 4. HP: 39/41 MP: 4/4
  1341 | D:2      | Reached skill level 5 in Axes
  1533 | D:3      | Reached * piety under Cheibriados
  2085 | D:3      | Noticed Jessica
  2093 | D:3      | Killed Jessica
  2093 | D:3      | Reached XP level 5. HP: 33/47 MP: 5/5
  2275 | D:4      | Reached skill level 6 in Axes
  2276 | D:4      | Reached skill level 5 in Fighting
  2349 | D:3      | Reached ** piety under Cheibriados
  2740 | D:4      | Reached skill level 7 in Axes
  2740 | D:4      | Reached XP level 6. HP: 49/56 MP: 6/6
  2788 | D:4      | Noticed a phantom
  2800 | D:4      | Killed a phantom
  2858 | D:4      | Reached skill level 8 in Axes
  3103 | D:4      | Found Zathiceoso's Jewellery Shop.
  3140 | D:4      | Noticed Sigmund
  3145 | D:4      | Killed Sigmund
  3145 | D:4      | Reached skill level 9 in Axes
  3145 | D:4      | Reached XP level 7. HP: 42/61 MP: 7/7
  3893 | D:4      | Reached skill level 10 in Axes
  4000 | D:5      | Entered Level 5 of the Dungeon
  4001 | D:5      | Found a staircase to the Ecumenical Temple.
  4015 | D:5      | Reached *** piety under Cheibriados
  4229 | D:5      | Reached XP level 8. HP: 52/68 MP: 5/8
  4416 | D:5      | Reached skill level 11 in Axes
  4615 | D:5      | Found a runed translucent door.
  4616 | D:5      | Noticed Crazy Yiuf
  4799 | D:5      | Killed Crazy Yiuf
  4914 | D:6      | Found a sand-covered staircase.
  4944 | Ossuary  | Entered an ossuary
  5149 | Ossuary  | Reached **** piety under Cheibriados
  5275 | D:6      | Reached skill level 1 in Invocations
  5406 | D:6      | Reached skill level 12 in Axes
  5745 | D:6      | Noticed Blork the orc
  5760 | D:6      | Killed Blork the orc
  5787 | D:6      | Noticed Edmund
  5801 | D:6      | Killed Edmund
  5801 | D:6      | Reached XP level 9. HP: 70/75 MP: 11/11
  6446 | D:7      | Reached skill level 10 in Fighting
  6446 | D:7      | Reached XP level 10. HP: 93/93 MP: 11/17
  6589 | D:7      | Reached ***** piety under Cheibriados
  6778 | D:7      | Found a glowing silver altar of Zin.
  6885 | D:7      | Found Qeaviy's Gadget Emporium.
  7353 | D:7      | Reached skill level 13 in Axes
  7358 | D:7      | Reached skill level 10 in Invocations
  7515 | D:8      | Noticed Pikel
  7530 | D:8      | Killed Pikel
  7693 | D:8      | Noticed Gastronok
  7710 | D:8      | Killed Gastronok
  7710 | D:8      | Reached skill level 14 in Axes
  8045 | D:8      | Found an ancient bone altar of Kikubaaqudgha.
  8098 | D:8      | Noticed Joseph
  8109 | D:8      | Killed Joseph
  8206 | D:8      | Found an opulent altar of Gozag.
  8662 | D:9      | Noticed a skeletal warrior
  8662 | D:9      | Noticed a skeletal warrior
  8663 | D:9      | Noticed a skeletal warrior
  9125 | D:8      | Killed a skeletal warrior
  9125 | D:8      | Reached XP level 11. HP: 57/99 MP: 11/19
  9222 | D:8      | Killed a skeletal warrior
  9674 | D:9      | Found a radiant altar of Vehumet.
  9751 | D:9      | Noticed a death yak
  9751 | D:9      | Noticed a death yak
  9761 | D:9      | Killed a death yak
  9761 | D:9      | Reached skill level 15 in Axes
  9764 | D:9      | Killed a death yak
  9981 | D:9      | Found a staircase to the Lair.
 10006 | D:9      | Noticed a death yak
 10006 | D:9      | Noticed a death yak
 10006 | D:9      | Noticed a death yak
 10006 | D:9      | Noticed a death yak
 10006 | D:9      | Noticed a death yak
 10006 | D:9      | Noticed a death yak
 10035 | D:8      | Killed a death yak
 10042 | D:8      | Slain by a death yak

Illustrated notes

Levels and vault maps discovered:
D:1:      tarquinn_simple_flora_water_a, layout_basic
D:2:      layout_loops_cross, grunt_temple_overflow_open, nrook_mini_backslash
D:3:      layout_basic, uniq_jessica
D:4:      layout_loops_corners, serial_shops, shop, uniq_sigmund
D:5:      layout_cave_pools, minmay_temple_entry_large_hall,
          uniq_crazy_yiuf_cottage
D:6:      layout_basic, enter_ossuary_2, uniq_edmund, uniq_blork_the_orc
D:7:      layout_basic, zin_statuary, serial_co_window_serial,
          co_window_cross_1, co_window_paths_a, co_window_corner_a,
          co_window_cross_1, co_window_corner_a, co_window_broadway_c,
          co_window_paths_c, co_window_unsneaky_path_d, co_window_corner_ca,
          co_window_broadway_b, co_window_4corner_b, glass_columns_a,
          glass_columns_b, glass_columns_b, glass_columns_b, serial_shops,
          kennysheep_little_box
D:8:      layout_gridville, kennysheep_mini, nicolae_gozag_seed_capital,
          uniq_gastronok, uniq_joseph, uniq_pikel
D:9:      layout_long_grid, vehumet_altar_wand_db, dpeg_lair_monsters,
          basic_altar, minmay_gold_behind_fungi, kennysheep_generic_room_3,
          uniq_harold

Skill      XL: |  1  2  3  4  5  6  7  8  9 10 11 |
---------------+----------------------------------+-----
Axes           | 3 4 5 7 9 10 12 14 15 | 15.5
Fighting       | 4 5 10 | 10.1
Armour         | 4 8 |  8.5
Invocations    | 3 9 11 | 11.8
Shields        | |  3.2

Action                   |  1- 3 |  4- 6 |  7- 9 | 10-12 || total
-------------------------+-------+-------+-------+-------++-------
Melee: War axe           |   109 |   144 |   181 |       ||   434
       Hand axe          |       |       |    53 |   197 ||   250
Invok: Slouch            |       |       |       |     5 ||     5
Evoke: Wand              |       |       |       |     6 ||     6
  Use: Potion            |       |     1 |     1 |     5 ||     7
       Scroll            |       |       |    14 |     6 ||    20
Armor: Scale mail        |    37 |    62 |    46 |       ||   145
       Plate armour      |       |       |    11 |    73 ||    84
Dodge: Dodged            |    24 |    49 |    68 |    62 ||   203
Block: Kite shield       |    67 |    82 |   102 |    97 ||   348

Table legend: (Time is in decaauts)
 A = Elapsed time spent in this place.
 B = Non-inter-level travel time spent in this place.
 C = Inter-level travel time spent in this place.
 D = Time resting spent in this place.
 E = Time spent auto-exploring this place.
 F = Levels seen in this place.
 G = Mean time per level.
                   A        B        C        D        E       F      G
               +--------+--------+--------+--------+--------+-----+--------+
         Total |  13288 |  12412 |    876 |   1441 |   9462 |  10 | 1328.8 |
       Dungeon |  12881 |  12005 |    876 |   1367 |   9270 |   9 | 1431.2 |
       Ossuary |    407 |    407 |      0 |     74 |    192 |   1 |  407.0 |
               +--------+--------+--------+--------+--------+-----+--------+

Top non-repeatable levels by time:
     D:8: 2684 daAuts
     D:4: 2032 daAuts
     D:7: 1792 daAuts
     D:6: 1604 daAuts
     D:3: 1445 daAuts
     D:5: 1294 daAuts
     D:2: 919 daAuts
     D:1: 706 daAuts
 Ossuary: 407 daAuts
     D:9: 401 daAuts
